 Dungeon Crawl Stone Soup version 0.30-a0-989-g0d87f670db (webtiles) character file.

Game seed: 5221841620798940688

759 BlueFish the Sneak (level 7, 0/48 HPs)
             Began as an Octopode Fighter on Apr 3, 2023.
             Slain by a rat (1 damage)
             ... on level 5 of the Dungeon.
             The game lasted 00:08:40 (4247 turns).

BlueFish the Sneak (Octopode Fighter)               Turns: 4247, Time: 00:08:41

Health: 0/48       AC:  2    Str: 17    XL:     7   Next: 80%
Magic:  19/19      EV: 10    Int: 11    God:
Gold:   158        SH:  4    Dex: 11    Spells: 10/10 levels left

rFire   . . .      SeeInvis .      - Unarmed
rCold   . . .      Faith    .    a - +0 buckler
rNeg    . . .      Spirit   .    t - +1 hat
rPois   .          Reflect  .    g - amulet of magic regeneration
rElec   .          Rampage  .    i - ring of magical power
rCorr   .                        (no ring)
Will    .....                    (no ring)
Stlth   +++++                    (no ring)
HPRegen 0.28/turn                (no ring)
MPRegen 0.56/turn                (no ring)
                                 (no ring)
                                 (no ring)

@: constricted
A: almost no armour, amphibious, 8 rings, camouflage 1, gelatinous body 1,
nimble swimmer 1, tentacles
a: no special abilities


You were on level 5 of the Dungeon.
You visited 1 branch of the dungeon, and saw 5 of its levels.

You collected 207 gold pieces.
You spent 49 gold pieces at shops.

Inventory:

Missiles
 e - 19 stones (quivered)
 p - 6 poisoned darts
Armour
 a - a +0 buckler (worn)
 k - a +0 kite shield
 t - a +1 hat (worn)
Jewellery
 g - an amulet of magic regeneration (around mantle)
 i - a ring of magical power (left tentacle)
Wands
 r - a wand of flame (16)
Scrolls
 f - 4 scrolls of fog
 j - a scroll of acquirement {unknown}
 l - a scroll of teleportation
 m - a scroll of fear
 n - a scroll of immolation {unknown}
 o - a scroll of vulnerability
 s - a scroll of noise {unknown}
Potions
 b - a potion of might
 c - a potion of curing
 d - a potion of resistance
 q - 3 potions of lignification {unknown}


   Skills:
 + Level 4.1 Fighting
 + Level 2.6 Throwing
 + Level 4.1 Dodging
 * Level 6.0 Stealth
 + Level 4.1 Shields
 + Level 3.4 Unarmed Combat
 + Level 2.2 Spellcasting


You had 10 spell levels left.
You didn't know any spells.
Your spell library was empty.

Dungeon Overview and Level Annotations

Branches:
Dungeon (5/15)
 Temple: D:4-7

Altars:

Shops:
D:2 [   D:4 (   D:5 :

Portals:
Sewer: D:5


Innate Abilities, Weirdness & Mutations

You cannot wear most types of armour.
You are amphibious.
You can wear up to eight rings at the same time.
Your skin changes colour to match your surroundings (Stealth+).
Your rubbery body absorbs attacks. (AC +1, EV +1)
You are camouflaged when in or above water. (Stealth+)
You have tentacles for arms and can constrict up to eight enemies at once.


Message History

The ball python closely misses you. The ball python misses you.
The quokka misses you. The river rat attacks as you move away!
The river rat misses you. The quokka misses you. The quokka barely misses you.
You completely miss the quokka. You grab the quokka.
You constrict the quokka, but do no damage.
The ball python bites you but does no damage.
The ball python misses you. The river rat bites you.
The quokka bites you but does no damage.
The giant cockroach bites you.
You tentacle-slap the quokka. x2
You kill the quokka!
The rat twitches its whiskers.
You block the ball python's attack. The ball python barely misses you.
The river rat completely misses you.
The giant cockroach bites you but does no damage.
You barely miss the giant cockroach. Your grab misses the giant cockroach.
Your squeeze misses the giant cockroach.
You block the ball python's attack. The ball python grabs you.
The ball python constricts you. The giant cockroach misses you.
The river rat bites you. You block the rat's attack.
The orc shouts!
You tentacle-slap the giant cockroach. You grab the giant cockroach.
The giant cockroach is severely wounded.
You constrict the giant cockroach. The ball python bites you.
The ball python constricts you. The rat bites you.
The giant cockroach barely misses you. The river rat completely misses you.
The rat splashes around in the water.
You tentacle-slap the giant cockroach but do no damage.
The giant cockroach is almost dead.
You constrict the giant cockroach.
You kill the giant cockroach!
You block the ball python's attack. The ball python constricts you.
The rat splashes around in the water.
The river rat bites you! The ball python closely misses you.
The ball python constricts you.
The ball python's grasp on you weakens, but your attempt to escape fails.
The orc warrior hits you from afar with a +0 halberd!!
* * * LOW HITPOINT WARNING * * *
The rat bites you but does no damage. The rat bites you.
You die...

.....
..$......#..?...o.
.....
......(..(>##.o..
##...#####..o....##
....
...............###
... #.............#
###
.#......o~~./..#
..)....~~o~†...#
......Srro~~...#
.......@†~~~...#
........r~~....#
#.###..?........>.
. #.........#.#.
...####.####.# .
... ... # ##.# #.##
#.


You could see an orc warrior, a river rat, 3 orcs, a ball python and 2 rats.

Vanquished Creatures
  Sigmund (D:2)
  Menkaure (D:4)
  Edmund (D:4)
  A black bear (D:3)
  A scorpion (D:4)
  A hound (D:4)
  A jelly (D:4)
  7 adders
  A gnoll (D:1)
  A worm (D:2)
  4 dart slugs
  6 orcs
  7 ball pythons
  9 bats
  2 endoplasms
  4 giant cockroaches
  5 goblins
  3 hobgoblins
  4 jackals (D:3)
  7 kobolds
  5 quokkas
  2 frilled lizards (D:2)
  4 rats
78 creatures vanquished.

Notes
Turn   | Place    | Note
-------+----------+-------------------------------------------
     0 | D:1      | BlueFish the Octopode Fighter began the quest for the Orb.
     0 | D:1      | Reached XP level 1. HP: 16/16 MP: 1/1
    89 | D:1      | Reached skill level 1 in Stealth
   140 | D:1      | Reached XP level 2. HP: 21/21 MP: 2/2
   498 | D:1      | Reached skill level 2 in Stealth
   551 | D:1      | Reached XP level 3. HP: 5/26 MP: 3/3
   869 | D:2      | Identified the +8 dagger of the Eternal Void {antimagic,
                  | Str-4 Int-2 Dex+9 Stlth+}
  1014 | D:2      | Reached XP level 4. HP: 22/31 MP: 4/4
  1020 | D:2      | Found a faded altar of an unknown god.
  1022 | D:2      | Found Ytiplom's Armour Shop.
  1050 | D:2      | Bought a +0 kite shield for 49 gold pieces
  1182 | D:2      | Noticed Sigmund
  1567 | D:3      | Reached skill level 3 in Stealth
  1630 | D:3      | Reached skill level 1 in Throwing
  2063 | D:3      | Reached XP level 5. HP: 29/36 MP: 6/6
  2239 | D:3      | Noticed a black bear
  2368 | D:3      | Killed a black bear
  2369 | D:3      | Reached skill level 4 in Stealth
  2369 | D:3      | Reached skill level 1 in Spellcasting
  2559 | D:4      | Noticed Edmund
  2655 | D:2      | Killed Sigmund
  2656 | D:2      | Reached XP level 6. HP: 18/43 MP: 6/8
  2874 | D:4      | Found Egihikom's Antique Weapon Boutique.
  2930 | D:4      | Killed Edmund
  2931 | D:4      | Reached skill level 5 in Stealth
  2931 | D:4      | Reached XP level 7. HP: 6/47 MP: 9/9
  3716 | D:4      | Noticed Menkaure
  4082 | D:4      | Killed Menkaure
  4083 | D:4      | Reached skill level 6 in Stealth
  4161 | D:5      | Entered Level 5 of the Dungeon
  4183 | D:5      | Found Sedempu's Book Shoppe.
  4230 | D:5      | Found a glowing drain.
  4247 | D:5      | HP: 1/48 [orc warrior/+0 halberd (19)]
  4247 | D:5      | Slain by a rat

Illustrated notes

Levels and vault maps discovered:
D:1:      amcnicky_arrival_wind_blow, layout_rooms, st_stairs_12,
          minmay_misc_feat_diagonals, hangedman_feature_mirror,
          palyth_stone_intersect, nicolae_titane
D:2:      layout_rooms, serial_shops, nicolae_shop_statue_plus,
          ebering_ecumenical_altar_mist, minmay_misc_feat_rows, uniq_sigmund
D:3:      layout_loops_ring, patterned_corridor
D:4:      layout_layer_cave, serial_shops, nicolae_shop_crystal,
          dreamdust_princess_bridge, minivault_26, uniq_edmund, uniq_menkaure
D:5:      layout_loops_cross, minmay_temple_entry_drinking_statues,
          serial_shops, shop, nicolae_shop_advertising_works
          [nicolae_subvault_shop_adworks], kennysheep_mini_moat,
          nicolae_inconvenience_store, portal_sewer_entry_a,
          kennysheep_generic_room_6

Skill      XL: |  1  2  3  4  5  6  7 |
---------------+----------------------+-----
Stealth        | 1 2 3 4 5 6 |  6.0
Throwing       | 1 2 |  2.6
Spellcasting   | 1 2 |  2.2
Unarmed Combat | 3 |  3.4
Shields        | 4 |  4.1
Fighting       | 4 |  4.1
Dodging        | 4 |  4.1

Action                     |  1- 3 |  4- 6 |  7- 9 || total
---------------------------+-------+-------+-------++-------
  Melee: Unarmed           |    90 |    81 |    25 ||   196
         Constrict         |    27 |    24 |     8 ||    59
         Tentacles         |    20 |    18 |    10 ||    48
         Punch             |     4 |     5 |     1 ||    10
  Throw: Stone             |     1 |     7 |     3 ||    11
         Dart              |       |    20 |     7 ||    27
    Use: Scroll            |     1 |       |     5 ||     6
         Potion            |       |     1 |       ||     1
   Stab: Sleeping          |     8 |     6 |     2 ||    16
         Distracted        |       |     2 |       ||     2
 Armour: Skin              |     7 |     5 |     5 ||    17
  Dodge: Dodged            |    54 |    33 |    21 ||   108
  Block: Buckler           |    22 |    12 |     7 ||    41

Table legend: (Time is in decaauts)
 A = Elapsed time spent in this place.
 B = Non-inter-level travel time spent in this place.
 C = Inter-level travel time spent in this place.
 D = Time resting spent in this place.
 E = Time spent auto-exploring this place.
 F = Levels seen in this place.
 G = Mean time per level.
                   A        B        C        D        E       F      G
               +--------+--------+--------+--------+--------+-----+--------+
         Total |   4253 |   3946 |    307 |     31 |   3045 |   5 |  850.6 |
       Dungeon |   4253 |   3946 |    307 |     31 |   3045 |   5 |  850.6 |
               +--------+--------+--------+--------+--------+-----+--------+

Top non-repeatable levels by time:
     D:3: 1311 daAuts
     D:4: 1281 daAuts
     D:1: 894 daAuts
     D:2: 681 daAuts
     D:5: 84 daAuts
